Map: Nightshade LE

Players

inFAITH - Winner!

  • Race: Protoss Protoss
  • League: Diamond
  • Spawn Location: 5:00

meeK

  • Race: Terran Terran
  • League: Diamond
  • Spawn Location: 11:00

VOD

Have the link to the VOD?

Description

Time

  • Played on: March 29, 2020, 3:56 a.m.
  • Length: 12:29
Show
View Real Time Build Order
Export as new Build Order

inFAITH Protoss - Winner!

Build Orders:  

Get SALT Encoding   

  12  0:01  Probe  
  13  0:14  Probe  
  13  0:20  Pylon  
  14  0:27  Probe  
  15  0:39  Probe (Chrono Boost)  
  16  0:44  Gateway  
  17  0:51  Probe (Chrono Boost)  
  17  0:58  Assimilator  
  17  1:06  Probe  
  18  1:12  Gateway  
  18  1:21  Probe (Chrono Boost), Pylon  
  19  1:31  Cybernetics Core  
  21  1:44  Probe  
  22  1:57  Probe  
  22  2:01  Assimilator  
  22  2:05  Stalker (Chrono Boost)  
  24  2:14  Stalker (Chrono Boost)  
  24  2:17  Probe  
  24  2:20  Pylon  
  25  2:26  Warp Gate  
  25  2:34  Stalker  
  28  2:37  Probe  
  28  2:47  Stalker  
  28  2:49  Probe  
  30  3:08  Probe  
  30  3:11  Robotics Facility  
  31  3:19  Stalker  
  33  3:23  Stalker  
  33  3:26  Probe, Pylon  
  36  3:36  Pylon  
  36  3:44  Probe  
  37  3:50  Twilight Council  
  37  4:08  Probe  
  37  4:10  Observer (Chrono Boost)  
  37  4:20  Nexus  
  37  4:38  Observer  
  38  4:45  Blink (Chrono Boost), Forge  
  38  4:46  Probe  
  39  4:55  Shield Battery  
  39  5:04  Shield Battery  
  39  5:08  Observer  
  40  5:15  Probe  
  40  5:18  Photon Cannon, Protoss Ground Weapons Level 1 (Chrono Boost)  
  40  5:19  Pylon  
  34  5:35  Probe  
  35  5:47  Gateway  
  36  5:52  Probe (Chrono Boost), Photon Cannon  
  36  5:55  Probe (Chrono Boost)  
  37  6:03  Probe x2 (Chrono Boost)  
  38  6:08  Observer  
  40  6:19  Probe x2  
  40  6:23  Gateway  
  42  6:31  Probe  
  43  6:39  Probe  
  44  6:41  Assimilator  
  44  6:43  Probe, Assimilator  
  44  6:44  Observer  
  45  6:48  Templar Archives  
  45  6:51  Probe, Pylon  
  46  6:59  Probe  
  47  7:03  Probe  
  48  7:16  Stalker x3  
  48  7:21  Photon Cannon  
  54  7:50  Probe x2  
  56  7:53  Stalker x4  
  64  8:02  Probe  
  64  8:03  Probe  
  66  8:11  Pylon  
  66  8:14  Pylon  
  66  8:16  High Templar  
  66  8:17  High Templar  
  66  8:19  Stalker x2  
  74  8:25  Charge  
  74  8:32  Archon  
  72  8:37  Probe  
  73  8:44  Protoss Ground Armor Level 1 (Chrono Boost)  
  71  8:49  Gateway  
  71  8:51  Pylon  
  71  8:52  Stalker x2  
  71  8:54  Gateway  
  71  8:55  Zealot x2  
  79  9:24  Probe x2 (Chrono Boost)  
  79  9:29  Observer  
  82  9:33  Zealot x2  
  82  9:37  Probe x2 (Chrono Boost)  
  82  9:38  Nexus  
  88  9:44  High Templar  
  92  9:45  Probe x2 (Chrono Boost)  
  92  9:49  High Templar  
  92  9:51  Observer  
  95  10:01  Archon  
  95  10:03  Zealot x4  
  95  10:05  Resonating Glaives  
  103  10:08  Pylon  
  103  10:12  Photon Cannon  
  103  10:17  Pylon  
  103  10:32  Photon Cannon  
  103  10:36  Gateway  
  103  10:37  Observer  
  103  10:38  Zealot x3  
  103  10:39  High Templar  
  103  10:41  High Templar  
  114  10:53  Archon  
  114  10:56  Probe x2 (Chrono Boost)  
  117  10:59  Photon Cannon  
  117  11:00  Probe (Chrono Boost)  
  117  11:05  Forge  
  117  11:08  Probe (Chrono Boost)  
  119  11:11  Probe (Chrono Boost)  
  118  11:30  Stalker x6  
  87  12:14  Probe x3  
  88  12:25  High Templar  
  88  12:26  High Templar x5  
Show
View Real Time Build Order
Export as new Build Order

meeK Terran 

Build Orders: Reaper Expand 

Get SALT Encoding   

  12  0:02  SCV  
  13  0:14  SCV  
  13  0:21  Supply Depot  
  14  0:27  SCV  
  15  0:46  Barracks  
  15  0:47  SCV  
  16  0:53  Refinery  
  14  1:05  SCV  
  14  1:07  Refinery  
  15  1:21  SCV  
  16  1:32  Marine  
  16  1:35  Orbital Command  
  17  1:50  Reaper  
  18  1:55  Supply Depot  
  18  2:12  Command Center  
  18  2:20  SCV  
  18  2:21  Refinery  
  19  2:29  Barracks Reactor  
  19  2:32  SCV  
  20  2:37  Supply Depot  
  20  2:44  SCV  
  20  2:47  Factory  
  21  3:05  Marine x2  
  20  3:10  Bunker  
  22  3:13  SCV  
  23  3:33  Supply Depot  
  23  3:35  Barracks Reactor  
  23  3:36  Starport  
  23  3:38  Widow Mine  
  23  3:39  Orbital Command  
  25  3:47  Widow Mine  
  27  3:59  Widow Mine  
  29  4:08  Widow Mine  
  31  4:13  Medivac  
  31  4:14  Marine x2  
  35  4:29  Supply Depot  
  35  4:35  Marine x2  
  35  4:37  Widow Mine x2  
  41  4:47  SCV x2  
  43  4:54  Engineering Bay  
  43  5:13  Starport Reactor  
  43  5:14  Barracks  
  43  5:15  Barracks  
  43  5:17  SCV  
  43  5:18  SCV  
  41  5:29  SCV, Marine x2  
  38  5:37  Terran Infantry Weapons Level 1  
  38  5:47  Marine x2  
  38  5:49  Medivac x2  
  44  5:54  Supply Depot  
  44  5:56  Missile Turret  
  44  5:58  SCV x2  
  48  6:04  Widow Mine  
  48  6:07  Barracks Tech Lab x2  
  48  6:14  Missile Turret  
  48  6:26  Medivac  
  48  6:27  Medivac  
  52  6:32  Supply Depot  
  52  6:33  Stimpack  
  46  6:45  SCV x2  
  48  6:53  Marine x2  
  50  6:54  Supply Depot  
  50  6:55  Marauder x2  
  54  7:01  Barracks  
  54  7:03  Supply Depot, Barracks  
  54  7:11  Widow Mine x2  
  58  7:17  Refinery  
  58  7:18  Refinery  
  58  7:19  Marine x2  
  58  7:22  Marine x2  
  54  7:37  Marine x2  
  54  7:40  Marine x2  
  56  7:55  Marine x2  
  56  7:58  Marine x2  
  52  8:13  Marine x2  
  52  8:15  Widow Mine, Marine  
  52  8:16  Widow Mine, Marine  
  52  8:17  Medivac x2  
  62  8:30  Marine  
  62  8:31  Marine  
  62  8:33  Marine  
  65  8:34  Marauder  
  65  8:43  Widow Mine  
  65  8:47  Liberator x2  
  71  8:48  Marine x2  
  71  8:51  Marine  
  76  8:55  Marauder  
  76  9:06  Marine x2  
  76  9:09  Marine  
  64  9:16  Marine  
  51  9:24  Barracks Reactor, Marine  
  51  9:28  Marine  
  51  9:29  Barracks Tech Lab  
  51  9:30  SCV x2  
  55  9:32  Supply Depot  
  55  9:42  Medivac x2  
  55  9:45  Widow Mine x2  
  63  9:46  Concussive Shells  
  63  9:47  Combat Shield  
  63  9:50  Marine x2  
  63  9:51  Marine  
  63  9:52  Marauder  
  68  9:55  Supply Depot  
  68  9:57  SCV  
  68  9:58  SCV  
  70  10:01  Barracks Reactor  
  70  10:05  Supply Depot  
  70  10:09  Marauder, Terran Infantry Armor Level 1  
  70  10:12  Medivac  
  74  10:19  Medivac  
  74  10:20  Marine  
  77  10:21  Marine  
  77  10:22  Marine  
  77  10:24  Marine  
  80  10:29  Marauder  
  82  10:38  SCV, Supply Depot  
  82  10:39  SCV, Marine x2  
  82  10:40  Marine  
  87  10:43  Marine  
  87  10:44  Marine  
  87  10:48  Widow Mine  
  93  10:50  Widow Mine  
  93  10:52  SCV  
  94  10:59  Medivac x2  
  98  11:07  Supply Depot, Marine x3  
  101  11:12  Marauder  
  102  11:21  Marine x3  
  88  11:34  Marine x2  
  88  11:35  Marine x2  
  88  11:39  Marine x2  
  85  11:52  Marine x2  
  78  11:57  Marine x2  
Tags
 
Add a new tag
Caveats
  • Supply blocks, unpowered buildings, or Contaminate may cause inaccurate times.
  • Supply counts are checked every 10 seconds.